 Dungeon Crawl Stone Soup version 0.29.1-12-g30fa7ad0bf (webtiles) character file.

Game seed: 13261133625544836389

53 YCDTOTVFAN the Sneak (level 3, -5/27 HPs)
             Began as a Draconian Enchanter on Dec 23, 2022.
             Blown up by Ijyb (16 damage)
             ... with a mindburst bolt
             ... on level 4 of the Dungeon.
             The game lasted 00:06:23 (962 turns).

YCDTOTVFAN the Sneak (Draconian Enchanter)           Turns: 962, Time: 00:06:24

Health: -5/27      AC:  5    Str: 10    XL:     3   Next: 64%
Magic:  1/6        EV: 12    Int: 17    God:
Gold:   124        SH:  0    Dex: 11    Spells: 1/6 levels left

rFire   . . .      SeeInvis .   a - +3 dagger
rCold   . . .      Faith    .   (no shield)
rNeg    . . .      Spirit   .   (body armour unavailable)
rPois   .          Reflect  .   (helmet restricted)
rElec   .          Harm     .   (no cloak)
rCorr   .          Rampage  .   (no gloves)
Will    .....                   (no boots)
Stlth   ++........              (no amulet)
HPRegen 0.09/turn               (no ring)
MPRegen 0.10/turn               (no ring)

@: no status effects
A: AC +5, unfitting armour, cold-blooded
a: no special abilities


You were on level 4 of the Dungeon.
You visited 1 branch of the dungeon, and saw 4 of its levels.

You collected 124 gold pieces.

Inventory:

Hand Weapons
 a - a +3 dagger (weapon)
Missiles
 e - 2 boomerangs (quivered)
Jewellery
 b - a ring of positive energy
Scrolls
 g - 2 scrolls of teleportation


   Skills:
 * Level 0.9 Fighting
 * Level 1.1 Short Blades
 * Level 1.0 Throwing
 * Level 2.0 Dodging
 * Level 3.3 Stealth
 * Level 2.2 Spellcasting
 * Level 3.0 Hexes
 * Level 0.3 Ice Magic


You had one spell level left.
You knew the following spells:

 Your Spells              Type           Power      Damage    Failure   Level
a - Ensorcelled Hibernat  Hex/Ice        14%        N/A       14%         2
b - Tukima's Dance        Hex            12%        N/A       16%         3

Your spell library contained the following spells:

 Spells                   Type           Power      Damage    Failure   Level
 Confusing Touch          Hex            12%        N/A       16%         3
 Blink                    Tloc           2%         N/A       28%         2
 Dazzling Flash           Conj/Hex       14%        N/A       30%         3
 Yara's Violent Unravell  Hex/Tmut       3%         3d4       96%         5
 Manifold Assault         Tloc           1%         N/A       99%         5
 Enfeeble                 Hex            6%         N/A       100%        7
 Storm Form               Tmut/Air       0%         N/A       100%        7


Dungeon Overview and Level Annotations

Branches:
Dungeon (4/15)             Temple (0/1) D:4

Altars:

Annotations:
D:4 Ijyb


Innate Abilities, Weirdness & Mutations

Your plain brown scales are hard. (AC +5)
You cannot fit into any form of body armour.
You are cold-blooded and may be slowed by cold attacks.


Message History

Press: ? - help, Shift-Dir - straight line, f/p - Ijyb
Aim: Ijyb, wearing a +0 ring mail and carrying a wand of mindburst (19) (lightly wounded, chance to affect: 50%) Ijyb resists with some effort.
Ijyb hits you but does no damage.
You aren't carrying any potions.
As you read the scroll labelled WIADUNWYCE, it crumbles to dust.
You feel aware of your surroundings.
It was a scroll of magic mapping.
Ijyb zaps a wand.
Your mind is blasted!
You hit Ijyb but do no damage.
Ijyb is lightly wounded.
Ijyb barely misses you.
You hit Ijyb.
Ijyb is lightly wounded.
Ijyb hits you but does no damage.
You hit Ijyb.
Ijyb is moderately wounded.
Ijyb closely misses you.
You hit Ijyb but do no damage.
Ijyb is moderately wounded.
Ijyb closely misses you.
You hit Ijyb but do no damage.
Ijyb is moderately wounded.
Ijyb closely misses you.
Your magical contamination has completely faded away.
You hit Ijyb but do no damage. You tail-slap Ijyb.
Ijyb is moderately wounded.
Ijyb hits you.
You hit Ijyb but do no damage.
Ijyb is moderately wounded.
Ijyb hits you but does no damage.
You hit Ijyb.
Ijyb is heavily wounded.
Ijyb hits you.
You hit Ijyb but do no damage.
Your tail-slap misses Ijyb.
Ijyb is heavily wounded.
Ijyb zaps a wand.
You barely resist. You hit Ijyb but do no damage.
Your tail-slap misses Ijyb.
Ijyb is heavily wounded.
Ijyb zaps a wand.
Your mind is blasted!
Ouch! That really hurt!
You die...

**,,,**,,....................#.#.
,,,,,,,,......................##*
******,,.....##...............# *
* *,,...<,##...........#...# *
**,,#...#.....#.....###.## *
****,**#..##....#....## *##
****,*,,*,*#..##.........#
*,,,,,,,,..#.......##..###
,,,,,,,,.....).g@###**.#
,,,,,,,,......)...# **#
,,,,,,,,..)..)....#
,,,,,,,,.......####
,,,,<,,,......#* ,,,,,,,,..)...*
,,,,,,,,......* ,,,,,,*,,...(**
**,,,,,,*#..**


You could see Ijyb.

Vanquished Creatures
  2 adders
  A dart slug (D:2)
  3 orcs (D:4)
  4 ball pythons
  2 endoplasms
  A giant cockroach (D:2)
  A goblin (D:3)
  3 hobgoblins
  2 quokkas (D:2)
  4 bats
  3 frilled lizards
  A kobold (D:2)
  2 rats
29 creatures vanquished.

Vanquished Creatures (others)
  A dancing weapon (D:4)
1 creature vanquished.

Grand Total: 30 creatures vanquished

Notes
Turn   | Place    | Note
-------+----------+-------------------------------------------
     0 | D:1      | YCDTOTVFAN the Draconian Enchanter began the quest for the
                  | Orb.
     0 | D:1      | Reached XP level 1. HP: 14/14 MP: 3/3
   221 | D:2      | Reached XP level 2. HP: 18/20 MP: 5/5
   224 | D:2      | Learned a level 2 spell: Ensorcelled Hibernation
   657 | D:2      | Reached XP level 3. HP: 27/27 MP: 1/6
   769 | D:3      | Learned a level 3 spell: Tukima's Dance
   777 | D:3      | Reached skill level 1 in Throwing
   937 | D:4      | Noticed Ijyb
   962 | D:4      | Blown up by Ijyb

Illustrated notes

Levels and vault maps discovered:
D:1:      tarquinn_simple_flora_water_f, layout_basic, serial_shops, shop,
          shapermc_ecumenical_altar_rom_forum, st_stairs_14
D:2:      layout_basic, uniq_jessica
D:3:      layout_rooms, kennysheep_donut, minmay_strange_pillars
D:4:      layout_cave_pools, minmay_temple_entry_stoned_glass,
          hangedman_decor_diamond_cutter, grunt_ministairs_4, uniq_ijyb

Skill      XL: |  1  2  3 |
---------------+----------+-----
Stealth        | 3 |  3.3
Throwing       | 1 |  1.0
Dodging        | 2 |  2.0
Hexes          | 3 |  3.0
Fighting       | |  0.9
Short Blades   | |  1.1
Spellcasting   | |  2.2
Ice Magic      | |  0.3

Action                   || total
-------------------------++-------
Melee: Dagger            ||    46
       Tailslap          ||     4
Throw: Boomerang         ||    39
 Cast: Ensorcelled Hiber ||    13
       Tukima's Dance    ||     1
  Use: Potion            ||     3
       Scroll            ||     7
 Stab: Invisible         ||     3
       Sleeping          ||     9
Armor: Skin              ||    24
Dodge: Dodged            ||    40
